 Dungeon Crawl Stone Soup version 0.32-a0-534-ga61f84b8bd (webtiles) character file.

Game seed: 3073180761425967610

11531 Revguard the Prestidigitator (level 11, -8/133 HPs)
             Began as a Coglin Berserker on Feb 28, 2024.
             Was an Elder of Trog.
             Mangled by a fire elemental (10 damage)
             ... summoned by a deep elf pyromancer
             ... on level 13 of the Dungeon.
             The game lasted 00:23:31 (9596 turns).

Revguard the Prestidigitator (Coglin Berserker)     Turns: 9596, Time: 00:23:32

Health: -8/133     AC: 17    Str: 22    XL:     11   Next: 79%
Magic:  11/11      EV:  9    Int:  7    God:    Trog [****..]
Gold:   611        SH:  0    Dex: 13    Spells: 10/10 levels left

rFire   . . .        z - +3 war axe (freeze) {Jinae}
rCold   . . .        s - +0 war axe {Hugo}
rNeg    . . .        f - +1 plate armour
rPois   .            (no helmet)
rElec   .            (no cloak)
rCorr   .            n - +0 pair of gloves
SInv    .            F - +0 pair of boots
Will    ++...        (no amulet) Stlth
                     (ring unavailable)
HPRegen 1.42/turn    (ring unavailable)
MPRegen 0.12/turn

%: no passive effects
@: berserking (expiring), strong-willed, regenerating, revved, very quick
A: off-hand wielding, slow wielding, warmup strikes, no rings
a: Renounce Religion, Berserk, Trog's Hand, Brothers in Arms


You were on level 13 of the Dungeon.
You worshipped Trog.
Trog was greatly pleased with you.
You visited 1 branch of the dungeon, and saw 11 of its levels.

You collected 611 gold pieces.

Inventory:

Hand Weapons
 a - a +1 hand axe {Caihong}
 s - a +0 war axe (offhand) {Hugo}
 z - a +3 war axe of freezing (weapon) {Jinae}
Missiles
 C - 5 throwing nets (quivered)
Armour
 f - a +1 plate armour (worn)
 n - a +0 pair of gloves (worn)
 F - a +0 pair of boots (worn)
Jewellery
 r - an amulet of faith
Wands
 g - a wand of mindburst (24)
 p - a wand of iceblast (22)
 w - a wand of polymorph (9)
 E - a wand of charming (8)
Scrolls
 b - 2 scrolls of amnesia
 i - 3 scrolls of blinking
 k - a scroll of silence
 l - 3 scrolls of fog
 x - a scroll of fear
 y - 2 scrolls of enchant armour
 B - a scroll of teleportation
Potions
 c - 2 potions of lignification {unknown}
 d - a potion of invisibility
 e - 3 potions of attraction
 h - 2 potions of resistance
 j - 4 potions of brilliance
 m - a potion of ambrosia
 o - 3 potions of curing
 q - 2 potions of berserk rage
 t - a potion of heal wounds
 u - 2 potions of enlightenment
 A - a potion of cancellation
 D - a potion of haste
Miscellaneous
 v - a phantom mirror (inert)


   Skills:
 + Level 9.3 Fighting
 + Level 9.3 Axes
 + Level 7.5 Armour
 + Level 7.5 Dodging
 + Level 10.3 Evocations


You had 10 spell levels left.
You didn't know any spells.
Your spell library was empty.

Dungeon Overview and Level Annotations

Branches:
Dungeon (10/15)            Temple (0/1) D:4          Vaults (0/5) D:13
   Lair: D:8-11         Orc: D:9-12

Altars:
Cheibriados
Dithmenos
Kikubaaqudgha
Qazlal
Ru
Sif Muna
Trog
Uskayaw
Wu Jian
Xom
Yredelemnul

Shops:
D:6 [


Innate Abilities, Weirdness & Mutations

You can wield a second weapon in your off-hand.
It takes a long time for you to wield or remove held weapons.
Your first few attacks do less damage.
Your grasper-arms cannot wear rings.


Message History

You hit the fire elemental with your +0 war axe.
You hit the tengu warrior with your +3 war axe of freezing.
You freeze the tengu warrior.
You barely miss the fire elemental with your +3 war axe of freezing.
An acid dragon comes into view.
The tengu warrior hits you but does no damage.
The tengu warrior barely misses you. The tengu warrior claws you.
* * * LOW HITPOINT WARNING * * *
The fire elemental closely misses you.
You slice the tengu warrior with your +0 war axe!!
The tengu warrior is heavily wounded.
You hit the fire elemental with your +0 war axe.
You closely miss the fire elemental with your +0 war axe.
The tengu warrior blocks your attack.
You slash the fire elemental with your +3 war axe of freezing!
You freeze the fire elemental.
You barely miss the fire elemental with your +3 war axe of freezing.
The fire elemental hits you. The fire elemental burns you!
* * * LOW HITPOINT WARNING * * *
The fire elemental barely misses you.
The tengu warrior hits you with a +0 war axe!
* * * LOW HITPOINT WARNING * * *
The tengu warrior pecks you but does no damage.
The tengu warrior claws you but does no damage.
The tengu warrior blocks your attack.
The tengu warrior is heavily wounded.
You closely miss the fire elemental with your +3 war axe of freezing.
You slash the fire elemental with your +3 war axe of freezing!
You freeze the fire elemental.
You slash the fire elemental with your +3 war axe of freezing!
You freeze the fire elemental.
You closely miss the tengu warrior with your +0 war axe.
You slash the fire elemental with your +0 war axe!
You barely miss the fire elemental with your +0 war axe.
You slash the fire elemental with your +0 war axe!
You feel the power of Trog in you as your rage grows.
You destroy the fire elemental!
The fire elemental disappears in a puff of smoke!
The fire elemental hits you. The fire elemental burns you!
You die...

###.....########...........
........##### #........†##
............# #.........
........##..# #.........
...#######..# ####......
...#∩.. #..# #...... ..
#.... #..# #......
#.....#Q.# #......
#.....)@.# #.....E§E#
#######.○# .. .°.. .°...
'#°D### .#.°' ..#..'


You could see a tengu warrior, 2 fire elementals and an acid dragon.

Vanquished Creatures
  An ironbound preserver (D:13)
  A centaur warrior (D:13)
  A two-headed ogre (D:8)
  Pikel (D:8)
  A cyclops (D:9)
  A manticore (D:13)
  An efreet (D:13)
  Sigmund (D:3)
  A shadow (D:9)
  2 wraiths
  A wyvern (D:9)
  9 yaks
  A human (D:8)
  2 vampire mosquitoes (D:10)
  3 water moccasins
  2 ice beasts
  7 orc warriors
  3 black bears
  2 centaurs (D:9)
  2 ogres (D:6)
  2 lemures (D:8)
  7 phantoms
  2 bullfrogs
  2 kobold brigands
  2 gnoll sergeants
  6 scorpions
  22 wights
  9 killer bees (D:9)
  4 bombardier beetles
  4 crimson imps (D:4)
  2 centaur zombies (D:7)
  4 hounds
  2 jellies
  6 orc priests
  5 sleepcaps (D:7)
  3 iguanas
  9 orc wizards
  A scorpion zombie (D:7)
  5 killer bee zombies (D:7)
  12 gnolls
  7 adders
  10 shadow imps (D:7)
  A white imp (D:6)
  A dart slug (D:1)
  4 ribbon worms
  33 orcs
  6 ball pythons
  5 endoplasms
  3 giant cockroaches (D:1)
  7 goblins
  9 hobgoblins
  3 jackals (D:1)
  2 quokkas
  3 bats
  2 frilled lizards
  A jackal zombie (D:8)
  13 kobolds
  7 rats
269 creatures vanquished.

Notes
Turn   | Place    | Note
-------+----------+-------------------------------------------
     0 | D:1      | Revguard the Coglin Berserker began the quest for the Orb.
     0 | D:1      | Reached XP level 1. HP: 18/18 MP: 1/1
    86 | D:1      | Reached XP level 2. HP: 17/24 MP: 2/2
   408 | D:1      | Reached skill level 1 in Evocations
   626 | D:1      | Reached XP level 3. HP: 29/29 MP: 3/3
  1082 | D:2      | Reached ** piety under Trog
  1092 | D:2      | Reached XP level 4. HP: 34/35 MP: 4/4
  2002 | D:3      | Found a faded altar of an unknown god.
  2006 | D:3      | Found a hide-covered altar of Uskayaw.
  2089 | D:3      | Noticed Sigmund
  2105 | D:3      | Killed Sigmund
  2106 | D:3      | Reached skill level 2 in Evocations
  2106 | D:3      | Reached XP level 5. HP: 27/42 MP: 5/5
  2106 | D:3      | Reached XP level 6. HP: 31/48 MP: 6/6
  2352 | D:3      | Found a shimmering blue altar of Sif Muna.
  2946 | D:4      | Reached skill level 3 in Evocations
  3058 | D:4      | Found a staircase to the Ecumenical Temple.
  3078 | D:4      | Found a shimmering altar of Xom.
  3098 | D:4      | Reached XP level 7. HP: 55/55 MP: 7/7
  3158 | D:4      | Reached skill level 5 in Axes
  3241 | D:4      | Reached skill level 5 in Fighting
  3349 | D:5      | Entered Level 5 of the Dungeon
  3529 | D:5      | Reached skill level 4 in Evocations
  3529 | D:5      | Reached XP level 8. HP: 63/63 MP: 8/8
  4458 | D:6      | Reached skill level 5 in Evocations
  4489 | D:6      | Found Locu's Armour Shoppe.
  4520 | D:6      | Noticed a yak
  4520 | D:6      | Noticed a yak
  4521 | D:6      | Noticed a yak
  4522 | D:6      | Noticed a yak
  4522 | D:6      | Noticed a yak
  4529 | D:6      | Killed a yak
  4532 | D:6      | Killed a yak
  4533 | D:6      | Reached XP level 9. HP: 71/71 MP: 9/9
  4538 | D:6      | Reached skill level 6 in Evocations
  5233 | D:7      | Reached *** piety under Trog
  5239 | D:7      | Reached skill level 5 in Armour
  5240 | D:7      | Reached skill level 5 in Dodging
  5306 | D:7      | Found an ancient bone altar of Kikubaaqudgha.
  5582 | D:7      | Reached skill level 7 in Evocations
  5762 | D:7      | Reached XP level 10. HP: 67/79 MP: 10/10
  6206 | D:7      | Reached skill level 8 in Evocations
  6330 | D:7      | Reached **** piety under Trog
  6641 | D:8      | Identified the blade talisman of the Bard {rC+}
  6682 | D:8      | Found a runed translucent door.
  6697 | D:8      | Found a basalt altar of Yredelemnul.
  6717 | D:8      | Found a sacrificial altar of Ru.
  6730 | D:8      | Noticed a two-headed ogre
  6736 | D:8      | Killed a two-headed ogre
  6887 | D:8      | Identified the +1 ring mail "Gytad" {^Drain rPois Int+2
                  | Dex+4}
  6980 | D:8      | Noticed Pikel
  6985 | D:8      | Killed Pikel
  6986 | D:8      | Reached skill level 9 in Evocations
  6986 | D:8      | Reached XP level 11. HP: 64/87 MP: 11/11
  7332 | D:8      | Found a shadowy altar of Dithmenos.
  7544 | D:8      | Found a snail-covered altar of Cheibriados.
  7545 | D:8      | Found a stormy altar of Qazlal.
  8102 | D:9      | Found a bloodstained altar of Trog.
  8678 | D:9      | Found an ornate altar of the Wu Jian Council.
  9073 | D:9      | Noticed a cyclops
  9080 | D:9      | Killed a cyclops
  9292 | D:10     | Entered Level 10 of the Dungeon
  9397 | D:10     | You fall into a shaft and drop 3 floors!
  9400 | D:13     | Noticed a manticore
  9410 | D:13     | Killed a manticore
  9411 | D:13     | Reached skill level 10 in Evocations
  9578 | D:13     | Found a gate to the Vaults.
  9578 | D:13     | Noticed an ironbound preserver
  9578 | D:13     | Noticed a centaur warrior
  9585 | D:13     | Noticed a deep elf pyromancer
  9585 | D:13     | Noticed a tengu warrior
  9588 | D:13     | Killed a centaur warrior
  9593 | D:13     | Killed an ironbound preserver
  9595 | D:13     | HP: 1/133 [tengu warrior/+0 war axe (12)]
  9596 | D:13     | Mangled by a fire elemental

Illustrated notes

Levels and vault maps discovered:
D:1:      lightli_arrival_statue_moat, layout_basic
D:2:      layout_basic
D:3:      layout_basic, nicolae_overflow_ecumenical_swirl,
          hellmonk_sif_muna_bookshelves, kennysheep_generic_room_14,
          uniq_sigmund
D:4:      layout_rooms, led_xom_imps, minmay_temple_entry_slanted
D:5:      layout_basic, minmay_between
D:6:      layout_basic, serial_shops, nicolae_diamond_shop
D:7:      bobbens_index_wilting_gardens, layout_basic, kiku_gazebo_garden_becter
D:8:      layout_basic, dk_yredelemnul_ordeal, nicolae_ru_awakened_eye,
          gammafunk_temple_overflow_pools, marbit_many_paths, uniq_pikel
D:9:      layout_basic, mainiacjoe_overflow_24_doors, trog_hazing_becter,
          lightli_orcish_oven
D:10:     layout_loops_ring
D:13:     layout_irregular_city, skrybe_vaults_entry_preservation,
          chequers_serial_rivers_room_a

Skill      XL: |  1  2  3  4  5  6  7  8  9 10 11 |
---------------+----------------------------------+-----
Dodging        | 2 3 4 5 6 7 |  7.5
Armour         | 2 3 4 5 6 7 |  7.5
Evocations     | 1 2 3 4 5 7 9 10 | 10.3
Fighting       | 4 5 6 7 8 9 |  9.3
Axes           | 4 5 6 7 8 9 |  9.3

Action                     |  1- 3 |  4- 6 |  7- 9 | 10-12 || total
---------------------------+-------+-------+-------+-------++-------
  Melee: Hand axe          |    85 |   182 |   368 |    84 ||   719
         War axe           |       |       |    50 |   463 ||   513
 Invoke: Berserk           |     1 |     2 |     5 |     5 ||    13
         Trog's Hand       |       |     3 |     5 |     5 ||    13
  Evoke: Wand              |       |       |     1 |     2 ||     3
         Phantom mirror    |       |       |       |     1 ||     1
    Use: Scroll            |       |    10 |     8 |     4 ||    22
         Potion            |       |     1 |     1 |     1 ||     3
   Stab: Sleeping          |     1 |       |       |       ||     1
 Armour: Animal skin       |     7 |       |       |       ||     7
         Plate armour      |    42 |    88 |   194 |   353 ||   677
  Dodge: Dodged            |    27 |    26 |    73 |   186 ||   312
         Repelled          |       |     1 |     2 |       ||     3

Table legend: (Time is in decaauts)
 A = Elapsed time spent in this place.
 B = Non-inter-level travel time spent in this place.
 C = Inter-level travel time spent in this place.
 D = Time resting spent in this place.
 E = Time spent auto-exploring this place.
 F = Levels seen in this place.
 G = Mean time per level.
                   A        B        C        D        E       F      G
               +--------+--------+--------+--------+--------+-----+--------+
         Total |   9733 |   9314 |    419 |     41 |   7445 |  11 |  884.8 |
       Dungeon |   9733 |   9314 |    419 |     41 |   7445 |  11 |  884.8 |
               +--------+--------+--------+--------+--------+-----+--------+

Top non-repeatable levels by time:
     D:7: 1581 daAuts
     D:9: 1518 daAuts
     D:8: 1182 daAuts
     D:3: 1090 daAuts
     D:5: 974 daAuts
     D:2: 862 daAuts
     D:1: 839 daAuts
     D:6: 773 daAuts
     D:4: 607 daAuts
    D:13: 199 daAuts
    D:10: 105 daAuts
